 Seeded DCSS version 0.26.1-11-gd32895ea62 (webtiles) character file.

Game seed: 17431940009199504417 (custom seed)

7812 oldmanjim the Ogre Mage (level 11, -9/109 HPs)
             Began as an Ogre Fire Elementalist on May 8, 2021.
             Was a High Priest of Sif Muna.
             Splashed by a centaur's acid (12 damage)
             ... on level 9 of the Dungeon.
             The game lasted 01:14:10 (11144 turns).

oldmanjim the Ogre Mage (Ogre Fire Elementalist)   Turns: 11144, Time: 01:14:11

Health: -9/109     AC:  9    Str: 14    XL:     11   Next: 21%
Magic:  25/25      EV:  7    Int: 19    God:    Sif Muna [*****.]
Gold:   519        SH:  0    Dex:  9    Spells: 24/31 levels left

rFire    . . .     SeeInvis .   a - +10 morningstar "Eos" {elec, Halo rElec}
rCold    . . .     Faith    .   (no shield)
rNeg     + . .     Spirit   .   b - +2 pearl dragon scales
rPois    +         Reflect  .   (helmet restricted)
rElec    +         Harm     .   (no cloak)
rCorr    .         Rampage  .   (gloves unavailable)
Will     +....                  (boots unavailable)
Stlth    ..........             v - amulet of magic regeneration
HPRegen  0.28/turn              u - ring of poison resistance
MPRegen  0.44/turn              (no ring)

@: corroded, glowing, studying Evocations
A: large, unfitting armour, tough skin 1
a: Renounce Religion, Channel Magic, Forget Spell, Divine Exegesis


You were on level 9 of the Dungeon.
You worshipped Sif Muna.
Sif Muna was extremely pleased with you.
You visited 1 branch of the dungeon, and saw 9 of its levels.
You also visited: Sewer.

You collected 519 gold pieces.

Inventory:

Hand Weapons
 a - the +10 morningstar "Eos" (weapon) {elec, Halo rElec}
   (You found it on level 4 of the Dungeon)

   Occasionally, upon striking a foe, it can discharge electrical energy and
   cause terrible harm.
   It insulates you from electricity.
 g - a +2 short sword of venom
 F - the +6 dagger "Zithril" {vorpal, Int+3}
   (You found it on level 7 of the Dungeon)

   It inflicts extra damage upon your enemies.
   It affects your intelligence (+3).
Missiles
 c - 273 stones
 p - a throwing net
 E - 21 poisoned darts
Armour
 b - +2 pearl dragon scales (worn)
 e - a +2 robe of the Archmagi
Magical Staves
 H - an uncursed staff of cold
 I - an uncursed staff of poison
Jewellery
 u - a ring of poison resistance (left hand)
 v - an amulet of magic regeneration (around neck)
Wands
 w - a wand of iceblast (5)
 y - a wand of paralysis (18)
 A - a wand of random effects (33)
Scrolls
 f - 5 scrolls of immolation
 k - 7 scrolls of teleportation
 l - 2 scrolls of fear
 m - 8 scrolls of remove curse
 q - a scroll of amnesia
 s - 2 scrolls of enchant weapon
 x - 5 scrolls of blinking
Potions
 d - 2 potions of ambrosia
 h - a potion of haste
 i - 2 potions of mutation {unknown}
 j - 9 potions of curing
 o - 3 potions of brilliance
 r - a potion of cancellation
 t - a potion of might {unknown}
 z - 3 potions of heal wounds
 D - 2 potions of invisibility
Books
 C - a manual of Evocations
Miscellaneous
 G - a tin of tremorstones (2/2)


   Skills:
 - Level 7.0 Fighting
 - Level 0.5 Short Blades
 - Level 10.0 Maces & Flails
 - Level 2.0 Armour
 - Level 2.0 Dodging
 - Level 1.4 Stealth
 - Level 10.6 Spellcasting
 - Level 5.0 Conjurations
 - Level 3.0 Transmutations
 - Level 5.0 Fire Magic
 + Level 1.2 Earth Magic
 + Level 4.4 Evocations


You had 24 spell levels left.
You knew the following spells:

 Your Spells              Type           Power        Failure   Level
a - Foxfire               Conj/Fire      100%         5%          1
b - Statue Form           Tmut/Erth      12%          100%        6

Your spell library contained the following spells:

 Spells                   Type           Power        Failure   Level
 Magic Dart               Conj           100%         5%          1
 Conjure Flame            Conj/Fire      29%          16%         3
 Animate Skeleton         Necr           20%          38%         1
 Pain                     Necr           40%          38%         1
 Inner Flame              Hex/Fire       19%          41%         3
 Sticky Flame             Conj/Fire      29%          45%         4
 Vampiric Draining        Necr           5%           77%         3
 Fireball                 Conj/Fire      14%          82%         5
 Irradiate                Conj/Tmut      12%          91%         5
 Animate Dead             Necr           5%           99%         4
 Agony                    Necr           10%          100%        5
 Hydra Form               Tmut           10%          100%        6
 Iron Shot                Conj/Erth      10%          100%        6
 Dragon Form              Tmut           10%          100%        7


Dungeon Overview and Level Annotations

Branches:
Dungeon (9/15)             Temple (0/1) D:4           Sewer (visited)
   Lair: D:8-11         Orc: D:9-12

Altars:
Ashenzari
Cheibriados
Elyvilon
Fedhas
Gozag
Hepliaklqana
Qazlal
Ru
Sif Muna
Uskayaw
Wu Jian
Yredelemnul


Innate Abilities, Weirdness & Mutations

You are too large for most types of armour.
You have tough skin. (AC +1)


Message History

The bolt of acid hits you!! The acid corrodes you!
You are splashed with acid!
The foxfire hits the centaur.
The centaur is heavily wounded.
The foxfire hits the centaur.
The centaur is severely wounded.
The centaur shoots an arrow.
The arrow hits you but does no damage.
The centaur shoots an arrow.
The arrow hits you!
Things that are here:
an arrow; a potion of invisibility The centaur shoots an arrow.
The arrow barely misses you.
The centaur shoots an arrow.
The arrow hits you!
The centaur zaps a wand.
The bolt of acid hits you!!
* * * LOW HITPOINT WARNING * * *
You are splashed with acid!
* * * LOW HITPOINT WARNING * * *
You see here an arrow.
The centaur zaps a wand.
The bolt of acid hits you!
* * * LOW HITPOINT WARNING * * *
You are splashed with acid!
You die...

#.#..... .. #.#.#..##. .
#.#?..... . . ##.#..>..
.# ... ...#...###.#
....########..[.....#.##
......$.................
......c@(.((.().<.......
....#.###.#...#...#.....
. # .......#...# <##
.............(.
#.....#.......#.#
#.....##...####.#
............. .
.......###..## #.


You could see a centaur.

Vanquished Creatures
  A boulder beetle (D:7)
  Pikel (D:8)
  2 ugly things (D:7)
  A deep elf mage (D:7)
  A troll (D:7)
  A hornet (D:8)
  Sigmund (D:6)
  A yak (D:7)
  A wraith (D:7)
  Menkaure (D:5)
  3 orc warriors
  A phantom (D:7)
  A sky beast (D:6)
  4 ogres
  4 centaurs
  3 lemures (D:8)
  A wyvern zombie (D:7)
  8 bullfrogs
  A water moccasin zombie (D:6)
  A wyvern skeleton (D:7)
  5 scorpions
  7 wights (D:6)
  2 howler monkeys (D:8)
  A bullfrog zombie (D:5)
  A centaur zombie (D:6)
  2 hounds (D:8)
  A quasit (D:8)
  3 orc priests
  9 orc wizards
  A bullfrog skeleton (D:5)
  Terence (D:2)
  2 iguanas (D:7)
  5 worker ants
  3 hound skeletons
  2 hound zombies (D:7)
  A mummy (D:8)
  3 gnolls
  16 adders
  3 shadow imps
  3 white imps
  An ufetubus (D:8)
  16 oozes
  2 adder skeletons
  3 adder zombies
  4 worms
  A dart slug (D:3)
  20 leopard geckos
  31 orcs
  7 bats
  14 giant cockroaches
  5 goblins
  7 hobgoblins
  2 jackals (D:6)
  3 quokkas
  19 ball pythons
  12 frilled lizards
  A jackal skeleton (D:8)
  6 kobolds
  A quokka zombie (D:7)
  13 rats
277 creatures vanquished.

Vanquished Creatures (others)
  275 foxfires
  4 withered plants (D:2)
279 creatures vanquished.

Grand Total: 556 creatures vanquished

Notes
Turn   | Place    | Note
-------+----------+-------------------------------------------
     0 | D:1      | oldmanjim the Ogre Fire Elementalist began the quest for
                  | the Orb.
     0 | D:1      | Reached XP level 1. HP: 16/16 MP: 3/3
   413 | D:1      | Reached skill level 1 in Conjurations
   425 | D:1      | Reached skill level 1 in Fighting
   425 | D:1      | Reached XP level 2. HP: 24/27 MP: 3/5
  1056 | D:1      | Reached XP level 3. HP: 35/35 MP: 6/6
  1726 | D:2      | Found a faded altar of an unknown god.
  2106 | D:2      | Found a shimmering blue altar of Sif Muna.
  2110 | D:2      | Became a worshipper of Sif Muna the Loreminder
  2177 | D:2      | Reached XP level 4. HP: 44/44 MP: 8/8
  2324 | D:2      | Noticed Terence
  2340 | D:2      | Killed Terence
  2408 | D:2      | Found a basalt altar of Yredelemnul.
  3015 | D:2      | Reached XP level 5. HP: 33/53 MP: 7/9
  3346 | D:3      | Found a stormy altar of Qazlal.
  3499 | D:3      | Found a blossoming altar of Fedhas.
  3529 | D:3      | Found a hide-covered altar of Uskayaw.
  4480 | D:4      | Reached XP level 6. HP: 56/62 MP: 9/12
  4827 | D:4      | Found a staircase to the Ecumenical Temple.
  5415 | D:4      | Reached skill level 5 in Fighting
  5482 | D:4      | Found the +10 morningstar "Eos" {elec, Halo rElec}
  5736 | D:5      | Entered Level 5 of the Dungeon
  5751 | D:5      | Reached XP level 7. HP: 60/72 MP: 13/13
  5752 | D:5      | Reached * piety under Sif Muna
  5753 | D:5      | Reached skill level 1 in Armour
  5885 | D:5      | Found a glowing drain.
  5895 | Sewer    | Entered a sewer
  6068 | Sewer    | Reached ** piety under Sif Muna
  6112 | Sewer    | Reached skill level 5 in Spellcasting
  6391 | Sewer    | Reached skill level 1 in Maces & Flails
  6479 | Sewer    | Reached skill level 10 in Spellcasting
  6479 | Sewer    | Reached XP level 8. HP: 80/80 MP: 14/22
  6653 | D:5      | Reached XP level 9. HP: 88/88 MP: 21/23
  6757 | D:5      | Noticed Menkaure
  6765 | D:5      | Killed Menkaure
  7496 | D:6      | Noticed Sigmund
  7500 | D:5      | Reached *** piety under Sif Muna
  7684 | D:6      | Found an opulent altar of Gozag.
  7684 | D:6      | Found a white marble altar of Elyvilon.
  7751 | D:6      | Killed Sigmund
  7841 | D:6      | Reached skill level 5 in Fire Magic
  7917 | D:6      | Reached **** piety under Sif Muna
  8468 | D:7      | Reached XP level 10. HP: 82/98 MP: 24/24
  8679 | D:7      | Found an ornate altar of the Wu Jian Council.
  8798 | D:7      | Found a broken altar of Ashenzari.
  9011 | D:7      | Noticed a boulder beetle
  9050 | D:7      | Killed a boulder beetle
  9051 | D:7      | Reached skill level 5 in Conjurations
  9058 | D:7      | Learned a level 6 spell: Statue Form
  9412 | D:7      | Found a sacrificial altar of Ru.
  9836 | D:7      | Found a hazy altar of Hepliaklqana.
  9943 | D:7      | Reached skill level 1 in Evocations
  9957 | D:7      | Reached skill level 1 in Transmutations
 10063 | D:7      | Got a crude dagger
 10064 | D:7      | Identified the +6 dagger "Zithril" {vorpal, Int+3} (You
                  | found it on level 7 of the Dungeon)
 10070 | D:7      | Noticed a green ugly thing
 10072 | D:7      | Noticed a green ugly thing
 10077 | D:7      | Killed a purple ugly thing
 10082 | D:7      | Killed a green ugly thing
 10180 | D:7      | Noticed a deep elf mage
 10190 | D:7      | Killed a deep elf mage
 10191 | D:7      | Reached XP level 11. HP: 108/109 MP: 25/25
 10279 | D:8      | Reached ***** piety under Sif Muna
 10342 | D:8      | Noticed Pikel
 10412 | D:8      | Reached skill level 10 in Maces & Flails
 10429 | D:8      | Killed Pikel
 10442 | D:8      | Identified Coodghom's Incunabulum of Arcane Weapons (Sif
                  | Muna gifted it to you on level 8 of the Dungeon)
 10442 | D:8      | Received a gift from Sif Muna
 10647 | D:8      | Found a snail-covered altar of Cheibriados.
 10788 | D:8      | Reached skill level 1 in Earth Magic
 11144 | D:9      | HP: 3/109 [centaur/bolt of acid (15)]
 11144 | D:9      | Splashed by a centaur's acid

Illustrated notes

Levels and vault maps discovered:
D:1:      erik_arrival_orb_chamber, layout_loops_ring, minmay_misc_feat_roman,
          dk_noncrumbling_3
D:2:      layout_loops_ring, marbit_many_paths, yredelemnul_altar_generic,
          chequers_ecumenical_altar_simple_redux, hex_large,
          minmay_shallow_snake_nest, uniq_terence
D:3:      layout_loops_corners, fedhas_altar_3, nicolae_overflow_hidden_temple,
          eat_drink_and_be_merry_uskayaw
D:4:      layout_cave_pods, lemuel_temple_firewalk_b
D:5:      layout_basic, portal_sewer_entry_d, uniq_menkaure
D:6:      layout_rooms, gammafunk_temple_overflow_statue,
          minmay_manual_macuahuitl, uniq_sigmund
D:7:      minmay_the_grid_octo_triangle [minmay_the_grid_octo_77,
          minmay_the_grid_octo_prize_single_spiral, minmay_the_grid_octo_teeth],
          layout_basic, nzn_hepliaklqana_mist_gate, nicolae_ru_path_of_blood,
          overflow_temple_1_default, nzn_wu_jian_contemplation
D:8:      layout_cave_pools, slow_altar_1, uniq_pikel
D:9:      old_forge, layout_basic, kennysheep_mini, david_lair_generic,
          minivault_21

Skill      XL: |  1  2  3  4  5  6  7  8  9 10 11 |
---------------+----------------------------------+-----
Conjurations   | 1 2 3 4 5 |  5.0
Fighting       | 1 2 3 4 5 6 7 |  7.0
Fire Magic     | 3 4 5 |  5.0
Spellcasting   | 3 4 10 | 10.6
Armour         | 2 |  2.0
Maces & Flails | 8 9 10 | 10.0
Dodging        | 2 |  2.0
Evocations     | 3 4 |  4.4
Transmutations | 2 3 |  3.0
Earth Magic    | 1 |  1.2
Short Blades   | |  0.5
Stealth        | |  1.4

Action                   |  1- 3 |  4- 6 |  7- 9 | 10-12 || total
-------------------------+-------+-------+-------+-------++-------
Melee: Short sword       |   101 |   168 |       |       ||   269
       Unarmed           |    15 |       |       |       ||    15
       Morningstar       |       |     7 |   138 |   133 ||   278
Throw: Stone             |     1 |       |       |       ||     1
 Cast: Foxfire           |     1 |    14 |    83 |    71 ||   169
  Use: Scroll            |       |     9 |     3 |     4 ||    16
       Potion            |       |       |     1 |       ||     1
Armor: Pearl dragon scal |    82 |   100 |    96 |    64 ||   342
       Robe              |     3 |       |       |       ||     3
Dodge: Dodged            |    38 |    61 |    50 |    52 ||   201
